[Event "Team 45 45 League T27"]
[Site "Internet Chess Club"]
[Date "2005.07.09"]
[Round "4"]
[White "billarvola"]
[Black "room-matt"]
[Result "1-0"]
[WhiteElo "2016"]
[BlackElo "1830"]
[TimeControl "2700+45"]

1. d4 Nf6 2. Nf3 e6 3. c4 Bb4+ 4. Bd2 Bxd2+ 5. Qxd2 b6 6. Nc3 Bb7 7. d5 exd5 8.
cxd5 O-O 9. g3 a5 10. Bg2 Re8 11. O-O Ba6 12. Rfe1 Qe7 13. d6 Qxd6 14. Qxd6 cxd6
15. Nd4 d5 16. Nxd5 Nxd5 17. Bxd5 Ra7 18. Rac1 d6 19. Bf3 Rae7 20. e3 g6 21.
Red1 Kg7 22. Kg2 Re5 23. Rd2 f5 24. Rcd1 Rd8 25. Ne2 Bxe2 26. Bxe2 Re6 27. Bb5
Kf8 28. Rc1 Ke7 29. Rc7+ Nd7 30. Rb7 h5 31. Bxd7 Rxd7 32. Rxb6 Re5 33. Rd4 g5
34. h4 g4 35. Kf1 Rc5 36. Ke2 Rc2+ 37. Rd2 Rc1 38. Rb5 Rc5 39. Rxc5 dxc5 40.
Rxd7+ Kxd7 41. f3 Kd6 42. fxg4 fxg4 43. b3 Ke6 44. Kd3 Kd5 45. e4+ Kc6 46. Ke3
Kb5 47. e5 Kc6 48. Ke4 a4 49. bxa4 c4 50. a5 c3 51. Kd3 c2 52. Kxc2 Kc5 53. e6
{Black resigns} 1-0

[Event "Team 45 45 League T27"]
[Site "Internet Chess Club"]
[Date "2005.07.10"]
[Round "4"]
[White "chessateer"]
[Black "nminwalla"]
[Result "0-1"]
[WhiteElo "1811"]
[BlackElo "1933"]
[TimeControl "2700+45"]

1. e4 c5 2. Nc3 Nc6 3. f4 g6 4. Nf3 Bg7 5. Bb5 Nd4 6. Bc4 e6 7. O-O Ne7 8. d3 d5
9. Bb3 O-O 10. Nxd4 Bxd4+ 11. Kh1 Bg7 12. Qe1 d4 13. Ne2 Bd7 14. h3 Bc6 15. Kg1
a5 16. a4 Qc7 17. g4 Kh8 18. Bd2 b6 19. f5 gxf5 20. exf5 exf5 21. gxf5 Rg8 22.
Bxf7 Be5+ 23. Bxg8 Rxg8+ 24. Kf2 Rg2# {White checkmated} 0-1

[Event "Team 45 45 League T27"]
[Site "Internet Chess Club"]
[Date "2005.07.11"]
[Round "4"]
[White "vvsi"]
[Black "GolferBob"]
[Result "1-0"]
[WhiteElo "1887"]
[BlackElo "1716"]
[TimeControl "2700+45"]

1. e4 c5 2. Nc3 d6 3. g3 g6 4. Bg2 Bg7 5. d3 e6 6. Bf4 Ne7 7. Qd2 Nbc6 8. Bh6
O-O 9. Bxg7 Kxg7 10. f4 f5 11. Nge2 a6 12. a4 Bd7 13. O-O Rc8 14. Rad1 Nd4 15.
b3 Nec6 16. exf5 exf5 17. Nd5 Be6 18. Nc1 Ne7 19. Nxe7 Qxe7 20. Rde1 Qd7 21. c3
Nc6 22. Re2 Rfe8 23. Rfe1 Bf7 24. Rxe8 Rxe8 25. Rxe8 Qxe8 26. d4 Qe7 27. Bxc6
bxc6 28. dxc5 dxc5 29. Kf2 Bd5 30. Qe3 Qxe3+ 31. Kxe3 Kf6 32. a5 Ke7 33. b4 Kd6
34. Nd3 cxb4 35. cxb4 Bc4 36. Ne5 Bd5 37. Kd4 Ba2 38. Nd3 Be6 39. Nc5 Bc8 40.
Na4 Be6 41. Nb6 h6 42. h4 Bb3 43. Nc4+ Bxc4 44. Kxc4 Kc7 45. Kc5 Kb7 46. Kd6 h5
47. Kd7 {Black resigns} 1-0

[Event "Team 45 45 League T27"]
[Site "Internet Chess Club"]
[Date "2005.07.09"]
[Round "4"]
[White "jantonio"]
[Black "ChessicStudent"]
[Result "1-0"]
[WhiteElo "1644"]
[BlackElo "1473"]
[TimeControl "2700+45"]

1. Nf3 d5 2. g3 e6 3. Bg2 c5 4. d3 Nc6 5. O-O Nf6 6. Nbd2 Be7 7. e4 O-O 8. c3 b5
9. e5 Nd7 10. d4 f6 11. exf6 Bxf6 12. Bh3 e5 13. Be6+ Kh8 14. Bxd5 Qc7 15. Ne4
Nb6 16. Nxf6 Rxf6 17. dxe5 Rf8 18. Be4 Bb7 19. Bf4 Rad8 20. Qc2 h6 21. Nh4 Ne7
22. e6 Bxe4 23. Qxe4 Qc8 24. Be5 Nc4 25. Bf4 Rf6 26. Rad1 Rxd1 27. Rxd1 Rxe6 28.
Rd8+ Qxd8 29. Qxe6 Qd1+ 30. Kg2 Qd5+ 31. Qxd5 Nxd5 32. Bc1 Ne7 33. Nf3 Nc6 34.
b3 Nd6 35. Nd2 Ne5 36. Nf3 Nd3 37. Be3 Kg8 38. Kf1 Kf7 39. Ke2 c4 40. bxc4 bxc4
41. a4 a6 42. Ne1 Nb2 43. a5 Na4 44. Bd4 Nb5 45. Kd2 g6 46. Nc2 Ke6 47. Nb4 Nxd4
48. cxd4 c3+ 49. Kd3 g5 50. Nxa6 Kd5 51. Nb4+ Kd6 52. Kc4 g4 53. Kb3 {Black
resigns} 1-0

[Event "Team 45 45 League T27"]
[Site "Internet Chess Club"]
[Date "2005.07.13"]
[Round "4"]
[White "DocHoliday"]
[Black "fledermaus"]
[Result "0-1"]
[WhiteElo "1897"]
[BlackElo "2066"]
[TimeControl "2700+45"]

1. e4 Nf6 2. Nc3 e5 3. Bc4 Nc6 4. d3 Bc5 5. Nge2 Na5 6. O-O O-O 7. a3 Nxc4 8.
dxc4 Be7 9. Qd3 a5 10. Ng3 d6 11. Nd5 Nxd5 12. cxd5 Bg5 13. f4 Bxf4 14. Bxf4
exf4 15. Rxf4 Qe7 16. Raf1 f6 17. Nh5 Bd7 18. Qg3 Kh8 19. c4 Rae8 20. Qc3 b6 21.
g4 Qe5 22. Qf3 Re7 23. h4 Be8 24. Ng3 Ref7 25. b3 g6 26. a4 Kg7 27. Qd3 Bd7 28.
h5 Qe7 29. Qd4 Qe5 30. Qd3 Qe7 31. Kg2 Kg8 32. Qe3 Rg7 33. Qf3 Rgf7 34. Qe3 Qe5
35. Kh3 gxh5 36. Nf5 Bxf5 37. gxf5 Rg7 38. Rh4 Kh8 39. Rhf4 Rfg8 40. R4f3 h4 41.
Qf4 Qxf4 42. Rxf4 Rg3+ 43. Kxh4 Rxb3 44. Rg4 Rxg4+ 45. Kxg4 Kg7 46. Rg1 Rb4 47.
Kh5+ Kf7 48. Kh6 Rxc4 49. Rg7+ Ke8 50. Rxh7 Rxa4 51. Rxc7 Rxe4 52. Rc6 Re5 53.
Kg6 Rxd5 54. Rxb6 Kd7 55. Kxf6 Kc7 56. Ra6 Kb7 57. Ke6 Re5+ 58. Kxd6 Rxf5 59.
Ke6 Rh5 60. Rd6 Rh6+ 61. Kd5 Rxd6+ 62. Kxd6 a4 {White resigns} 0-1

[Event "Team 45 45 League T27"]
[Site "Internet Chess Club"]
[Date "2005.07.12"]
[Round "4"]
[White "viking99"]
[Black "orkid"]
[Result "0-1"]
[WhiteElo "1834"]
[BlackElo "1806"]
[TimeControl "2700+45"]

1. e4 c5 2. Nf3 Nc6 3. d4 cxd4 4. Nxd4 g6 5. Be3 Bg7 6. Be2 Nf6 7. Nc3 O-O 8.
O-O d5 9. Nxc6 bxc6 10. exd5 Nxd5 11. Nxd5 Qxd5 12. c3 Bf5 13. Qb3 Rfb8 14. Qxd5
cxd5 15. g4 Rxb2 16. gxf5 Rxe2 17. fxg6 Bxc3 18. gxf7+ Kxf7 19. Rac1 d4 20. Bf4
Rxa2 21. Kg2 Bd2 22. Bxd2 Rxd2 23. Rc7 d3 24. Re1 Re2 25. Rd1 d2 26. Rd7 a5 27.
Kf3 Re6 28. R1xd2 a4 29. R7d3 a3 30. Ra2 Rea6 31. Ke4 Ra4+ 32. Ke3 Rh4 33. f3
Rha4 34. Rd4 Rxd4 35. Kxd4 Ra4+ 36. Ke5 Ra5+ 37. Ke4 Kf6 38. Kf4 Ra4+ 39. Ke3
Kf5 40. h3 e5 41. h4 h5 42. Ke2 Kf4 43. Kf2 Ra5 44. Ke2 Kg3 45. Ke3 Kxh4 46. f4
exf4+ 47. Kxf4 Ra4+ 48. Kf3 Kg5 49. Kg3 h4+ 50. Kh3 Kf5 51. Kg2 Ke5 52. Kf3 Kd5
53. Ke3 Kc5 54. Kd3 h3 55. Kc3 h2 56. Ra1 a2 57. Kd3 h1=Q {White resigns} 0-1

[Event "Team 45 45 League T27"]
[Site "Internet Chess Club"]
[Date "2005.07.10"]
[Round "4"]
[White "Chessnut"]
[Black "Zyme"]
[Result "1-0"]
[WhiteElo "1847"]
[BlackElo "1544"]
[TimeControl "2700+45"]

1. e4 e6 2. d4 d5 3. Nc3 Nf6 4. Bg5 dxe4 5. Nxe4 Nbd7 6. Nxf6+ Nxf6 7. Nf3 c5 8.
c3 cxd4 9. Nxd4 Be7 10. Bd3 Qd5 11. Be3 Qxg2 12. Rf1 Qxh2 13. Qa4+ Bd7 14. Bb5
Qc7 15. O-O-O a6 16. Bxd7+ Nxd7 17. Rg1 Bf6 18. Nf3 Rd8 19. Ng5 O-O 20. Qe4 Bxg5
21. Bxg5 Rc8 22. Bh6 Qe5 23. Rxg7+ Kh8 24. Qxh7# {Black checkmated} 1-0

[Event "Team 45 45 League T27"]
[Site "Internet Chess Club"]
[Date "2005.07.08"]
[Round "4"]
[White "Wevey"]
[Black "bassdv8rb"]
[Result "0-1"]
[WhiteElo "1862"]
[BlackElo "1829"]
[TimeControl "2700+45"]

1. e4 d6 2. d4 Nf6 3. Nc3 e5 4. dxe5 dxe5 5. Qxd8+ Kxd8 6. Bg5 Be7 7. O-O-O+
Nfd7 8. Nf3 f6 9. Be3 c6 10. Bc4 Kc7 11. Nh4 g6 12. f4 a5 13. Rhf1 Rf8 14. Nf3
b5 15. Bxb5 Bc5 16. Bxc5 Nxc5 17. Bc4 exf4 18. e5 Bg4 19. exf6 Rxf6 20. Rd4 Bxf3
21. Rxf3 g5 22. g3 Nbd7 23. gxf4 Raf8 24. Ne2 Ne5 25. Rh3 Nxc4 26. Rxh7+ Kb6 27.
Rxc4 gxf4 28. Rd4 f3 29. Ng3 f2 30. Nf1 Re8 31. Rhh4 Re1+ 32. Rd1 Rfe6 33. Rd4
Ne4 34. Rd3 Nd6 35. Rxd6 Rxd6 {White resigns} 0-1

[Event "Team 45 45 League T27"]
[Site "Internet Chess Club"]
[Date "2005.07.10"]
[Round "4"]
[White "scyther314159"]
[Black "StevieBlunder"]
[Result "1-0"]
[WhiteElo "1596"]
[BlackElo "1683"]
[TimeControl "2700+45"]

1. e4 d6 2. d4 Nf6 3. Nc3 g6 4. Bc4 e6 5. Bg5 Bg7 6. e5 d5 7. exf6 Bxf6 8. Bxf6
Qxf6 9. Be2 Nc6 10. Bb5 O-O 11. Bxc6 bxc6 12. Nf3 Ba6 13. Qd2 Rab8 14. b3 Rb7
15. Qg5 Qg7 16. Na4 Rfb8 17. Nc5 Rb6 18. Nd7 {Black resigns} 1-0

[Event "Team 45 45 League T27"]
[Site "Internet Chess Club"]
[Date "2005.07.09"]
[Round "4"]
[White "f5"]
[Black "iwulu"]
[Result "0-1"]
[WhiteElo "2337"]
[BlackElo "2322"]
[TimeControl "2700+45"]

1. e4 e6 2. d4 d5 3. Nc3 Bb4 4. e5 c5 5. a3 Bxc3+ 6. bxc3 Ne7 7. Qg4 O-O 8. Bd3
Nbc6 9. Qh5 Ng6 10. Nf3 Qc7 11. Be3 c4 12. Bxg6 fxg6 13. Qg4 Qf7 14. Ng5 Qe8 15.
h4 h6 16. Nh3 Kh7 17. Nf4 Qf7 18. h5 g5 19. Ng6 Re8 20. f4 gxf4 21. O-O Qf5 22.
Qe2 f3 23. Qxf3 Qxf3 24. Rxf3 Ne7 25. Nf8+ Kg8 26. Raf1 Nf5 27. Ng6 Bd7 28. g4
Ne7 29. Rf7 Nxg6 30. hxg6 Ba4 31. Rxb7 Reb8 32. Re7 Re8 33. Rff7 Rxe7 34. Rxe7
Re8 35. Rxa7 Bxc2 36. a4 Bxg6 37. a5 Rb8 38. a6 Rb1+ 39. Kf2 Rb2+ 40. Ke1 Ra2
41. Ra8+ Kh7 42. a7 Bd3 43. Re8 Rxa7 44. Rxe6 Ra1+ 45. Kf2 Rf1+ 46. Kg2 Rf7 47.
Bd2 Be4+ 48. Kg1 Rf3 49. Rd6 Rg3+ 50. Kf2 Rxg4 51. e6 Kg6 52. e7+ Kf7 53. Re6
Ke8 54. Re5 Rg2+ 55. Ke1 Rg6 56. Bc1 Rg1+ 57. Kd2 Rg2+ 58. Kd1 Ra2 59. Bd2 Ra7
60. Bc1 Rxe7 61. Ba3 Rxe5 62. dxe5 Kf7 63. Ke2 Ke6 64. Bf8 Kf7 65. Bc5 g5 66.
Kf2 Ke6 67. Bd4 h5 68. Kg3 Kf5 69. Kh3 Kf4 70. Kh2 Bf5 71. Kg2 h4 72. Kf2 g4 73.
Kg2 g3 {White resigns} 0-1

[Event "Team 45 45 League T27"]
[Site "Internet Chess Club"]
[Date "2005.07.11"]
[Round "4"]
[White "SkinnyPuppy"]
[Black "VentasD"]
[Result "0-1"]
[WhiteElo "2203"]
[BlackElo "2204"]
[TimeControl "2700+45"]

1. e4 e6 2. d4 d5 3. e5 c5 4. c3 Nc6 5. Nf3 Bd7 6. Be2 cxd4 7. cxd4 Bb4+ 8. Nc3
a6 9. O-O Nge7 10. Bg5 h6 11. Bh4 g5 12. Bg3 Nf5 13. Bd3 Nce7 14. Ne2 Ng6 15.
Ne1 h5 16. Nc2 Ba5 17. f3 Nxg3 18. hxg3 h4 19. g4 Nf4 20. Nxf4 gxf4 21. b4 Bb6
22. Qd2 Qg5 23. Rfe1 O-O-O 24. b5 a5 25. Rac1 Kb8 26. Bf1 Rdg8 27. Kh2 Rg6 28.
Kh3 f5 29. exf6 Qxf6 30. Re5 Bc7 31. Ne1 b6 32. Nd3 Bxe5 33. Nxe5 Rg7 34. Qc3
Qd8 35. Qa3 Kb7 36. Qd6 Qb8 37. Qa3 Rc8 38. Rc6 Bxc6 39. bxc6+ Rxc6 40. Ba6+
Kxa6 41. Nxc6 Qc7 42. Qd3+ Kb7 43. Ne5 Qc1 44. Kh2 Rc7 45. Qe2 h3 46. Nd3 Qb1
47. Nxf4 hxg2 48. Nxg2 Qg6 49. Qe5 Rc2 50. Qd6 Qh7+ 51. Kg3 Qc7 52. Qxc7+ Kxc7
53. Nf4 Kd6 54. g5 Rxa2 55. g6 Rc2 56. Kg4 a4 57. g7 Rc8 58. Kg5 a3 59. Kf6 a2
60. Nxe6 a1=Q 61. Kf7 Qb1 {White resigns} 0-1

[Event "Team 45 45 League T27"]
[Site "Internet Chess Club"]
[Date "2005.07.14"]
[Round "4"]
[White "Kolibri"]
[Black "searchforbobby1"]
[Result "0-1"]
[WhiteElo "2026"]
[BlackElo "2104"]
[TimeControl "2700+45"]

1. e4 c5 2. Nf3 Nc6 3. d4 cxd4 4. Nxd4 Nf6 5. Nc3 e5 6. Ndb5 d6 7. Bg5 a6 8. Na3
Be6 9. Nc4 Rc8 10. Ne3 Be7 11. Bxf6 Bxf6 12. Ncd5 Bg5 13. c3 Bxe3 14. Nxe3 Ne7
15. Qa4+ Rc6 16. Be2 O-O 17. O-O Qc7 18. Rad1 Rd8 19. Nd5 Bxd5 20. exd5 Rc5 21.
Qe4 f5 22. Qf3 b5 23. g4 Rf8 24. gxf5 Rxf5 25. Qh3 Rf6 26. Bg4 Rc4 27. Be6+ Kh8
28. Rd3 Ng6 29. Qh5 Rh4 30. Qg5 Qc4 31. Rg3 Qf4 32. Bc8 a5 33. Ba6 Qxg5 34. Rxg5
Nf4 35. Kh1 Rfh6 36. Kg1 Nh3+ {White resigns} 0-1

[Event "Team 45 45 League T27"]
[Site "Internet Chess Club"]
[Date "2005.07.11"]
[Round "4"]
[White "Gregorio"]
[Black "trevor21"]
[Result "1-0"]
[WhiteElo "2034"]
[BlackElo "2118"]
[TimeControl "2700+45"]

1. e4 e6 2. d4 d5 3. Nd2 Nf6 4. e5 Nfd7 5. c3 c5 6. Bd3 Nc6 7. Ne2 cxd4 8. cxd4
f6 9. exf6 Nxf6 10. O-O Bd6 11. Nf3 O-O 12. a3 Bd7 13. Bg5 Be8 14. Bh4 h6 15.
Bg3 Bh5 16. Bb5 Bxf3 17. gxf3 Nh5 18. Bxc6 bxc6 19. Rc1 Qd7 20. Rc3 e5 21. Bxe5
Bxe5 22. dxe5 Nf4 23. Kh1 Rae8 24. Nxf4 Rxf4 25. Qc1 Qf5 26. Rg1 Kh8 27. Rxc6
Rxf3 28. Qc2 Rxe5 29. Rc8+ Kh7 30. Rc7 Kh8 31. Rcxg7 Re8 32. Qc6 {Black resigns}
1-0

[Event "Team 45 45 League T27"]
[Site "Internet Chess Club"]
[Date "2005.07.08"]
[Round "4"]
[White "trikmamak"]
[Black "kokomo"]
[Result "1/2-1/2"]
[WhiteElo "2203"]
[BlackElo "2212"]
[TimeControl "2700+45"]

1. e4 e6 2. d4 d5 3. Nc3 Nf6 4. e5 Nfd7 5. Nce2 c5 6. c3 Nc6 7. f4 Qb6 8. Nf3 f6
9. Qb3 Qxb3 10. axb3 cxd4 11. Nexd4 Nc5 12. exf6 gxf6 13. Nxc6 bxc6 14. Nd4 Bd7
15. b4 Ne4 16. Bd3 f5 17. Bxe4 fxe4 18. Nb3 Rg8 19. Kf2 Bd6 20. Be3 Rf8 21. Kg3
e5 22. Bxa7 Rxf4 23. Bc5 Rxa1 24. Rxa1 h5 25. h3 h4+ 26. Kh2 Bxc5 27. Nxc5 Bf5
28. Kg1 e3 29. Rf1 Rxf1+ 30. Kxf1 d4 31. Ke2 Ke7 32. c4 Kd6 33. Nb7+ Kc7 34. Nc5
Kd6 35. Nb7+ Kc7 36. Nc5 Kd6 {Game drawn by repetition} 1/2-1/2

[Event "Team 45 45 League T27"]
[Site "Internet Chess Club"]
[Date "2005.07.10"]
[Round "4"]
[White "Catalog"]
[Black "Vombat"]
[Result "0-1"]
[WhiteElo "2092"]
[BlackElo "2201"]
[TimeControl "2700+45"]

1. c4 Nf6 2. Nc3 g6 3. g3 Bg7 4. Bg2 O-O 5. e4 d6 6. Nge2 e5 7. d3 Be6 8. O-O
Qc8 9. f3 Bh3 10. Be3 Bxg2 11. Kxg2 c5 12. Qd2 Nc6 13. h4 Re8 14. Rac1 b6 15.
Rf2 Nb4 16. a3 Nc6 17. Bh6 Nd4 18. Rcf1 Nb3 19. Qe3 Qe6 20. Nd5 Rac8 21. Nec3
Nd4 22. Rh1 Nxd5 23. cxd5 Qe7 24. h5 Bf6 25. hxg6 fxg6 26. g4 b5 27. Ne2 Rb8 28.
Ng3 b4 29. Qc1 bxa3 30. bxa3 Rb3 31. Be3 Rxd3 32. Bxd4 exd4 33. f4 Bh4 34. Nf5
gxf5 35. e5 Bxf2 36. Kxf2 fxg4 {White resigns} 0-1

[Event "Team 45 45 League T27"]
[Site "Internet Chess Club"]
[Date "2005.07.09"]
[Round "4"]
[White "kikian"]
[Black "thunderchicken"]
[Result "0-1"]
[WhiteElo "2077"]
[BlackElo "2108"]
[TimeControl "2700+45"]

1. e4 c6 2. d4 d5 3. Nc3 dxe4 4. Nxe4 Bf5 5. Ng3 Bg6 6. h4 h6 7. Nf3 Nf6 8. Ne5
Bh7 9. Bc4 e6 10. Qe2 Be7 11. Nxf7 Kxf7 12. Qxe6+ Ke8 13. Qf7+ Kd7 14. Bf4 Kc8
15. Be6+ Nbd7 16. Qxg7 Bxc2 17. Nf5 Bb4+ 18. Kf1 Bxf5 19. Bxf5 Rg8 20. Qf7 h5
21. Rc1 Qe7 22. Qb3 Re8 23. g3 Bd6 24. Bg5 Rb8 25. Kg2 Kc7 26. d5 Qe5 27. Be6
Nc5 28. Rxc5 Qe4+ 29. f3 Qe2+ 30. Kh3 Qf2 31. f4 Qxc5 32. Bxf6 Rxe6 33. dxe6
Qf5+ 34. Kg2 Qxf6 35. Re1 Re8 36. Re2 Qf5 37. Kh2 Qg4 38. Qe3 Bc5 39. Qe5+ Bd6
40. Qe3 Rg8 41. Rg2 b6 42. a3 Re8 43. Re2 Bc5 44. Qe5+ Kb7 45. b4 Bd6 46. Qe4
Kc7 47. b5 cxb5 48. Rc2+ Kb8 49. Re2 a5 50. Re1 Rc8 51. e7 Bxe7 52. Qe5+ Rc7 53.
Rc1 Bc5 {White resigns} 0-1

[Event "Team 45 45 League T27"]
[Site "Internet Chess Club"]
[Date "2005.07.10"]
[Round "4"]
[White "lastmanstanding"]
[Black "fledermaus"]
[Result "1-0"]
[WhiteElo "1965"]
[BlackElo "2057"]
[TimeControl "2700+45"]

1. e4 c6 2. d4 d5 3. Nc3 dxe4 4. Nxe4 Bf5 5. Ng3 Bg6 6. h4 h6 7. Nf3 Nd7 8. h5
Bh7 9. Bd3 Bxd3 10. Qxd3 e6 11. Bd2 Ngf6 12. O-O-O Qc7 13. Kb1 O-O-O 14. Rh3 Bd6
15. Ne2 e5 16. Qb3 Rhf8 17. c3 Ng4 18. Rf1 Ndf6 19. Qc2 Rfe8 20. Qf5+ Qd7 21.
Nh4 exd4 22. Nxd4 Re5 23. Qxd7+ Rxd7 24. Nhf5 Bf8 25. f3 c5 26. fxg4 cxd4 27.
cxd4 Re2 28. Rc3+ Rc7 29. Rxc7+ Kxc7 30. Bf4+ Kb6 31. g5 hxg5 32. Bxg5 Nxh5 33.
g4 Nf6 34. Bxf6 gxf6 35. Ng3 Rg2 36. Rxf6+ Ka5 37. Nf5 Rxg4 38. Rxf7 Bb4 39. a3
Be1 40. Rxb7 Ka6 41. Rd7 Rf4 42. Rd5 Kb6 43. Kc2 Rf2+ 44. Kb3 Rd2 45. a4 a5 46.
Rb5+ Kc7 47. d5 Rf2 48. d6+ Kd7 49. Re5 Bb4 50. Re7+ Kd8 51. Rf7 Rd2 52. d7 Rxd7
53. Rxd7+ Kxd7 54. Kc4 Kc6 55. Nd4+ Kb6 56. Kd5 Be1 57. Nb5 Bb4 58. Nd6 Be1 59.
Nc4+ Ka6 60. Kc6 Bg3 61. Ne3 Be5 62. b3 Bc3 63. Nd5 Bd2 64. Nc7+ Ka7 65. Kb5 Kb7
66. Nd5 Ka7 67. Nb6 {Black resigns} 1-0

[Event "Team 45 45 League T27"]
[Site "Internet Chess Club"]
[Date "2005.07.12"]
[Round "4"]
[White "JDD"]
[Black "tgralex"]
[Result "1/2-1/2"]
[WhiteElo "1638"]
[BlackElo "1819"]
[TimeControl "2700+45"]

1. e4 e5 2. Nf3 Nc6 3. d4 exd4 4. Nxd4 Bc5 5. Be3 Nxd4 6. Bxd4 Bxd4 7. Qxd4 Nf6
8. e5 Qe7 9. Be2 c5 10. exf6 Qxe2+ 11. Kxe2 cxd4 12. fxg7 Rg8 13. Nd2 d5 14. Nb3
Rxg7 15. g3 b6 16. Nxd4 Ba6+ 17. Kd2 Kd7 18. Rae1 Rg4 19. Nf5 Re4 20. Rxe4 dxe4
21. Ke3 Ke6 22. Nd4+ Ke5 23. Rd1 Rc8 24. f4+ exf3 25. Nxf3+ Kf6 26. c3 Re8+ 27.
Kf4 Re2 28. Rd2 Re7 29. Rd6+ Re6 30. Rxe6+ fxe6 31. Nd2 e5+ 32. Ke3 Kf5 33. Ne4
h5 34. b4 b5 35. c4 Kg4 36. c5 Kh3 37. c6 Kxh2 38. c7 Kg2 39. Nf6 Kxg3 40. Nxh5+
Kg4 41. Nf6+ Kf5 42. Nd5 Ke6 43. c8=Q+ Bxc8 44. Nc7+ Kf6 45. Nxb5 a6 46. Nd6 Bd7
47. Ne4+ Ke7 48. Nc5 Bb5 49. Ke4 Kd6 50. a3 Bf1 51. a4 Bg2+ 52. Kf5 a5 53. Nd3
axb4 54. Nxb4 e4 55. Kf4 Kc5 56. Nc2 Bf3 57. Ke3 Bh1 58. Kd2 Bf3 59. Kc3 Bd1 60.
Kd2 {Game drawn by mutual agreement} 1/2-1/2

[Event "Team 45 45 League T27"]
[Site "Internet Chess Club"]
[Date "2005.07.09"]
[Round "4"]
[White "Solomons"]
[Black "quangliem"]
[Result "0-1"]
[WhiteElo "2475"]
[BlackElo "2325"]
[TimeControl "2700+45"]

1. d4 d5 2. c4 c6 3. Nc3 Nf6 4. e3 g6 5. Nf3 Bg7 6. h3 O-O 7. cxd5 Nxd5 8. Qc2
Nb4 9. Qb3 c5 10. a3 Be6 11. Qa4 N4c6 12. dxc5 Nd7 13. Ng5 Nxc5 14. Qh4 h6 15.
Nxe6 fxe6 16. Qc4 Rc8 17. Qxc5 Nd4 18. exd4 Rxc5 19. dxc5 Qa5 20. Bd2 Qxc5 21.
f3 Qe5+ 22. Kf2 Qc5+ 23. Be3 Bd4 24. Re1 Rd8 25. Bxd4 Rxd4 26. Re3 Rd2+ 27. Be2
Rxb2 28. Rd1 Qxa3 29. Rd4 Rc2 30. Rdd3 Kf7 31. Ne4 Qb2 32. Ng3 a5 33. Rb3 Qd4
34. Ne4 a4 35. Rd3 Qb2 36. Nc3 b5 37. f4 a3 38. Nd1 Qc1 39. Rxa3 Qxd1 40. Ra6
Qd4 41. g3 b4 42. Rxe6 Rxe2+ 43. Kxe2 Qc4+ 44. Kd2 Qxe6 45. Rxe6 Kxe6 46. Kd3
Kf5 47. Ke3 h5 {White resigns} 0-1

[Event "Team 45 45 League T27"]
[Site "Internet Chess Club"]
[Date "2005.07.10"]
[Round "4"]
[White "DeepHmmm"]
[Black "NightShift"]
[Result "0-1"]
[WhiteElo "2174"]
[BlackElo "2278"]
[TimeControl "2700+45"]

1. Nf3 d5 2. g3 Nf6 3. Bg2 Bf5 4. O-O e6 5. d3 h6 6. Nbd2 Be7 7. Qe1 O-O 8. e4
Bh7 9. Qe2 c5 10. Ne5 Bd6 11. f4 Qc7 12. Nef3 Nfd7 13. e5 Be7 14. Re1 Nc6 15. c3
Qb6 16. Kh1 Qa6 17. d4 Bd3 18. Qf2 cxd4 19. Nxd4 Nxd4 20. cxd4 Rac8 21. Bh3 Rc2
22. Qe3 Bb4 23. Bf1 Bxf1 24. Rxf1 Rfc8 25. Rg1 Bxd2 26. Bxd2 Rxb2 {White
resigns} 0-1

[Event "Team 45 45 League T27"]
[Site "Internet Chess Club"]
[Date "2005.07.12"]
[Round "4"]
[White "gracey"]
[Black "indiadar"]
[Result "0-1"]
[WhiteElo "2044"]
[BlackElo "2138"]
[TimeControl "2700+45"]

1. b4 d5 2. e3 e5 3. Bb2 Bd6 4. Nf3 Nd7 5. Nc3 c6 6. b5 Ngf6 7. bxc6 bxc6 8. d3
Rb8 9. Qc1 O-O 10. Be2 Qc7 11. Rb1 Ba6 12. Ba3 c5 13. Bb2 d4 14. Nd1 Nd5 15. a3
Rb6 16. c4 Ne7 17. O-O Ng6 18. Nd2 f5 19. Bf3 Nf6 20. a4 e4 21. dxe4 Bxh2+ 22.
Kh1 fxe4 23. Nxe4 Nxe4 24. Bxe4 Qe5 25. Bd5+ Kh8 26. exd4 Qh5 {White resigns}
0-1

[Event "Team 45 45 League T27"]
[Site "Internet Chess Club"]
[Date "2005.07.18"]
[Round "4"]
[White "Ser-Enigma"]
[Black "deathmage"]
[Result "1-0"]
[WhiteElo "2051"]
[BlackElo "1726"]
[TimeControl "2700+45"]

1. e4 e6 2. d3 d5 3. Nd2 c5 4. Ngf3 Nc6 5. g3 Nf6 6. Bg2 d4 7. a4 e5 8. O-O Bd6
9. Nc4 O-O 10. h3 Be6 11. Nh4 Bxc4 12. dxc4 h6 13. Nf5 Ne7 14. Nxd6 Qxd6 15. f4
Nd7 16. a5 f6 17. Qg4 Kh7 18. Ra3 exf4 19. gxf4 g5 20. Rg3 Rad8 21. h4 f5 22.
exf5 Nf6 23. Qe2 Nxf5 24. Qd3 Nh5 25. Rg4 Kg7 26. hxg5 Ne3 27. gxh6+ Kxh6 28.
Bxe3 dxe3 29. Qxe3 Qd4 30. Qxd4 Rxd4 31. c3 Rdxf4 32. Rfxf4 Rxf4 33. Rxf4 Nxf4
34. Bxb7 Nd3 35. b3 Nc1 36. b4 Nd3 37. b5 Kg5 38. a6 Ne5 39. b6 {Black resigns}
1-0

[Event "Team 45 45 League T27"]
[Site "Internet Chess Club"]
[Date "2005.07.08"]
[Round "4"]
[White "steve"]
[Black "Cantemir"]
[Result "1-0"]
[WhiteElo "1932"]
[BlackElo "1617"]
[TimeControl "2700+45"]

1. e4 b6 2. d4 Bb7 3. Nc3 e6 4. Nf3 h6 5. Bc4 Nf6 6. d5 exd5 7. exd5 Bb4 8. O-O
O-O 9. Bf4 Na6 10. d6 cxd6 11. Nd5 Rc8 12. Bxa6 Nxd5 13. Bxb7 Nxf4 14. Bxc8 Qxc8
15. c3 Bc5 16. b4 Bxf2+ 17. Rxf2 Qxc3 18. Qe1 Qf6 19. Rd1 Qg6 20. Rfd2 f6 21.
Qg3 Qf5 22. Rf1 Qe4 23. Re1 Qxb4 24. Rd4 Qb2 25. Rxf4 Qxa2 26. Re7 g5 27. Rd4
Qa1+ 28. Re1 Qc3 29. Qxd6 Rf7 30. Qd5 Kg7 31. Rd3 Qc7 32. Nd4 Qf4 33. Rf3 Qg4
34. Re4 Qh5 35. Nf5+ Kh7 36. Nd6 Rf8 37. Qf5+ Kg8 38. Re7 Rf7 39. Qd5 Kf8 40.
Rxf7+ Kg8 41. Rxd7+ Kh8 42. Qa8+ {Black resigns} 1-0

[Event "Team 45 45 League T27"]
[Site "Internet Chess Club"]
[Date "2005.07.11"]
[Round "4"]
[White "pokerram"]
[Black "Trixi"]
[Result "1/2-1/2"]
[WhiteElo "1587"]
[BlackElo "1468"]
[TimeControl "2700+45"]

1. d4 d5 2. c4 e6 3. Nf3 Nf6 4. Nc3 c6 5. cxd5 cxd5 6. Bf4 Nc6 7. e3 Bb4 8. Bd3
O-O 9. Qc2 h6 10. O-O Bd6 11. Bxd6 Qxd6 12. a3 Bd7 13. Rad1 Rac8 14. Qe2 a6 15.
e4 dxe4 16. Nxe4 Nxe4 17. Bxe4 Na5 18. Bd3 Ba4 19. Rde1 Nb3 20. Qe4 g6 21. Qxb7
a5 22. Qe4 Bc6 23. Qe5 Rfd8 24. Be4 Nxd4 25. Bxc6 Nxc6 26. Qxd6 Rxd6 27. Rc1 Ne7
28. b4 Rxc1 29. Rxc1 axb4 30. axb4 Rb6 31. Rb1 Nd5 32. Ne5 Rxb4 33. Rxb4 Nxb4
34. f4 Nd5 35. g3 Kg7 36. Kf2 f6 37. Nf3 g5 38. fxg5 hxg5 39. h3 Kg6 40. Nd2 f5
41. Nc4 f4 42. Kf3 fxg3 43. Kxg3 Nf4 44. Kg4 Kf6 45. h4 {Game drawn by mutual
agreement} 1/2-1/2

[Event "Team 45 45 League T27"]
[Site "Internet Chess Club"]
[Date "2005.07.11"]
[Round "4"]
[White "moreffee"]
[Black "klassact"]
[Result "0-1"]
[WhiteElo "1405"]
[BlackElo "1427"]
[TimeControl "2700+45"]

1. e4 e5 2. Nf3 Nc6 3. Bc4 Bc5 4. Nc3 h6 5. O-O Nf6 6. Re1 d6 7. h3 O-O 8. a3 a6
9. d3 Ne7 10. Be3 Bxe3 11. Rxe3 Ng6 12. Nh2 Nf4 13. Qd2 N6h5 14. Ne2 Qg5 15.
Nxf4 Nxf4 16. g4 Nxh3+ 17. Kf1 Bxg4 18. Nxg4 Qxg4 19. Rg3 Qf4 20. Qe2 Ng5 21.
Kg2 Kh8 22. Rh1 f5 23. exf5 Rxf5 24. Rg4 Qf3+ 25. Qxf3 Nxf3 26. Bd5 Ng5 27. Bxb7
Rb8 28. Bxa6 Rxb2 29. Bc8 Rf8 30. Bd7 Rxc2 31. Rxg5 Rcxf2+ 32. Kh3 hxg5 33. Kg4+
Kg8 34. Be6+ R8f7 35. Bxf7+ Kxf7 36. Kxg5 Ra2 37. Rf1+ Ke6 38. Kg6 Rxa3 39. Kxg7
Rxd3 40. Rf6+ Kd5 41. Rf7 c5 42. Rd7 Rf3 43. Kg6 e4 44. Kg5 c4 45. Kg4 c3 46.
Ra7 Kd4 47. Ra4+ Kd3 48. Ra5 c2 49. Ra3+ Kd2 50. Ra2 d5 51. Rb2 d4 52. Ra2 d3
53. Rb2 Kc3 54. Ra2 c1=Q {White resigns} 0-1

[Event "Team 45 45 League T27"]
[Site "Internet Chess Club"]
[Date "2005.07.09"]
[Round "4"]
[White "AVEMARIA"]
[Black "pumba"]
[Result "1-0"]
[WhiteElo "1555"]
[BlackElo "1474"]
[TimeControl "2700+45"]

1. e4 e6 2. d4 d5 3. Nc3 Bb4 4. e5 b6 5. a3 Be7 6. Nf3 c5 7. Bf4 Nc6 8. Bb5 Bd7
9. O-O c4 10. Bxc6 Bxc6 11. Re1 h6 12. h3 g5 13. Be3 h5 14. Qd2 g4 15. Ng5 Nh6
16. Nxe6 fxe6 17. Bxh6 gxh3 18. g3 Rg8 19. Kh2 Kd7 20. Rg1 Bg5 21. Bxg5 Rxg5 22.
Ne2 Qg8 23. Raf1 Rf8 24. Qb4 Kc8 25. Kxh3 Qf7 26. Nf4 Qf5+ 27. Kh2 h4 28. Qd6
hxg3+ 29. fxg3 Rh8+ 30. Kg2 Qe4+ 31. Rf3 Qxc2+ 32. Rf2 Rh2+ 33. Kxh2 Qxf2+ 34.
Rg2 Qf3 35. Qxc6+ Kb8 36. Qd6+ Kc8 37. Qxe6+ Kd8 38. Qf6+ Kc8 39. Qxg5 {Black
resigns} 1-0